 Dungeon Crawl Stone Soup version 0.22-a0-469-gf26638a (webtiles) character file.

5119 Darkshadow the Basher (level 10, -3/90 HPs)
             Began as a Minotaur Berserker on June 12, 2018.
             Was an Elder of Trog.
             Splashed by Maurice's acid (11 damage)
             ... on level 8 of the Dungeon.
             The game lasted 00:49:16 (9296 turns).

Darkshadow the Basher (Minotaur Berserker)          Turns: 9296, Time: 00:49:16

Health: -3/90      AC:  9    Str: 28    XL:     10   Next: 32%
Magic:  9/9        EV: 11    Int:  4    God:    Trog [****..]
Gold:   508        SH:  2    Dex: 10    Spells: 9/9 levels left

rFire    . . .     SeeInvis .   F - +4 morningstar
rCold    . . .     Gourm    .   (no shield)
rNeg     . . .     Faith    .   g - +1 chain mail
rPois    .         Spirit   .   (helmet restricted)
rElec    .         Reflect  +   (no cloak)
rCorr    .         Harm     .   z - +0 pair of gloves
MR       .....                  (no boots)
Stlth    ..........             A - +2 amulet of reflection
HPRegen  0.25/turn              k - +3 ring of strength
MPRegen  0.11/turn              (no ring)

@: corroded, berserk cooldown, slowed, very slow
A: retaliatory headbutt, horns 2
a: Berserk, Trog's Hand, Brothers in Arms, Renounce Religion


You were on level 8 of the Dungeon.
You worshipped Trog.
Trog was greatly pleased with you.
You were very hungry.

You visited 1 branch of the dungeon, and saw 8 of its levels.

You collected 508 gold pieces.

Inventory:

Hand Weapons
 a - a +0 mace
 p - a +0 club
 x - a +0 club
 F - a +4 morningstar (weapon)
 G - a +1 shortbow of freezing
Missiles
 t - 196 stones
 v - 11 tomahawks (quivered)
Armour
 b - a +0 animal skin
 e - a +0 ring mail
 g - a +1 chain mail (worn)
 z - a +0 pair of gloves (worn)
Magical Staves
 J - an uncursed staff of fire {unknown}
Jewellery
 d - an uncursed ring of protection from fire {unknown}
 k - a +3 ring of strength (left hand)
 A - a +2 amulet of reflection (around neck)
 B - an uncursed amulet of faith
 N - a cursed ring of teleportation {unknown}
Wands
 E - a wand of disintegration (12)
 H - a wand of flame (17)
 I - a wand of paralysis (8)
Scrolls
 j - 6 scrolls of identify {@r1}
 l - a scroll of magic mapping
 u - 7 scrolls of remove curse {@r2}
 w - 4 scrolls of teleportation
 y - 3 scrolls of enchant armour
 M - a scroll of fear {unknown}
Potions
 f - a potion of cancellation
 h - 2 potions of flight
 i - a potion of brilliance
 m - 2 potions of heal wounds
 n - a potion of lignification {unknown}
 o - 2 potions of mutation
 q - 3 potions of haste
 r - a potion of degeneration {unknown}
 s - 5 potions of curing {@q1}
 C - a potion of invisibility {unknown}
 D - a potion of berserk rage
 K - a potion of might
Miscellaneous
 L - 2 boxes of beasts
Comestibles
 c - 12 rations


   Skills:
 + Level 8.6 Fighting
 * Level 13.7 Maces & Flails
 + Level 8.1 Armour
 - Level 4.9 Dodging


You had 9 spell levels left.
You didn't know any spells.
Your spell library was empty.

Dungeon Overview and Level Annotations

Branches:
Dungeon (8/15)             Temple (0/1) D:6
   Lair: D:8-11

Altars:
Kikubaaqudgha
Nemelex Xobeh
Trog
The Shining One

Shops:
D:6 }

Annotations:
D:8 Maurice


Innate Abilities, Weirdness & Mutations

You reflexively headbutt those who attack you in melee.
You have a pair of horns on your head.


Message History

You barely miss Joseph.
You kill Joseph!
Trog accepts your kill.
You feel a strong urge to attack something.
Items here: ( )) [ † an uncursed quarterstaff; an uncursed hunting sling; 20 sling bullets a ring mail; the human corpse of Joseph
Found a long sword.
Found a stone staircase leading up.
You feel your anger nearly subside.
You are no longer berserk.
You are exhausted.
You feel yourself slow down.
Items here: ( )) [ † an uncursed quarterstaff; an uncursed hunting sling; 20 sling bullets a ring mail; the human corpse of Joseph Maurice the Thief comes into view.
He is wielding a dagger.
Maurice shouts!
Maurice zaps a wand.
The bolt of acid hits you!
* * * LOW HITPOINT WARNING * * *
The acid corrodes you!
You are splashed with acid!
The acid burns!
You die...

######### ........########
#######.....((.# .. .##
########)# #.#
..############.#######.# #.#
............##..@)...@.# #.#
..#########.############
##.## ### #.# ####...#
###.### #....... #.....#
#.##...# ####.###.# #.###.##
#.)..# #.# #.###.# #
#(##.###.# #.....## ##
#.##.....############......#


You could see Maurice.

Vanquished Creatures
  A two-headed ogre (D:7)
  Joseph (D:8)
  A troll (D:7)
  Grinder (D:4)
  A slime creature (D:7)
  A yak (D:7)
  A spriggan (D:7)
  Grum (D:8)
  3 ice beasts
  2 orc warriors
  2 phantoms
  2 ogres
  3 centaurs
  2 wolves (D:8)
  A crocodile (D:8)
  4 bullfrogs
  A wyvern zombie (D:6)
  A scorpion (D:8)
  5 wights (D:6)
  3 howler monkeys
  2 bullfrog zombies (D:6)
  A centaur zombie (D:7)
  6 crimson imps
  A quasit (D:8)
  2 jellies
  5 hounds
  4 orc priests
  3 orc wizards
  An iguana (D:8)
  7 worker ants
  2 hound skeletons
  8 gnolls
  6 adders
  2 adder skeletons
  A worm (D:6)
  3 dart slugs
  2 leopard geckos
  28 orcs
  3 giant cockroaches
  2 goblins
  A hobgoblin (D:1)
  14 jackals
  7 quokkas
  6 bats
  2 frilled lizards (D:4)
  A jackal skeleton (D:4)
  6 kobolds
  A leopard gecko skeleton (D:4)
  9 rats
173 creatures vanquished.

Notes
Turn   | Place    | Note
-------+----------+-------------------------------------------
     0 | D:1      | Darkshadow the Minotaur Berserker began the quest for the Orb.
     0 | D:1      | Reached XP level 1. HP: 19/19 MP: 0/0
   214 | D:1      | Found a sparkling altar of Nemelex Xobeh.
   437 | D:1      | Reached XP level 2. HP: 27/27 MP: 1/1
   958 | D:2      | Reached skill level 4 in Maces & Flails
   961 | D:2      | Reached XP level 3. HP: 12/33 MP: 2/2
  1604 | D:2      | Found a glowing golden altar of the Shining One.
  1914 | D:3      | Reached XP level 4. HP: 36/40 MP: 3/3
  2380 | D:3      | Reached ** piety under Trog
  3132 | D:3      | Reached XP level 5. HP: 46/47 MP: 4/4
  3550 | D:4      | Noticed Grinder
  3558 | D:4      | Reached skill level 5 in Fighting
  3558 | D:4      | Reached skill level 5 in Maces & Flails
  3860 | D:4      | Reached XP level 6. HP: 54/56 MP: 5/5
  4272 | D:4      | Paralysed by Grinder for 4 turns
  4280 | D:4      | Reached skill level 5 in Armour
  4286 | D:4      | Killed Grinder
  4286 | D:4      | Reached skill level 6 in Maces & Flails
  4286 | D:4      | Reached XP level 7. HP: 26/63 MP: 6/6
  4709 | D:5      | Entered Level 5 of the Dungeon
  4912 | D:5      | Reached skill level 7 in Maces & Flails
  5166 | D:5      | Reached skill level 8 in Maces & Flails
  5166 | D:5      | Reached XP level 8. HP: 69/70 MP: 7/7
  5735 | D:6      | Found a staircase to the Ecumenical Temple.
  5746 | D:6      | Reached skill level 9 in Maces & Flails
  5985 | D:6      | Reached skill level 10 in Maces & Flails
  6279 | D:6      | Found an ancient bone altar of Kikubaaqudgha.
  6360 | D:6      | Found Ykhlutorgh's Gadget Emporium.
  6521 | D:6      | Noticed a moth of wrath
  6524 | D:6      | Found a bloodstained altar of Trog.
  6620 | D:6      | Reached skill level 11 in Maces & Flails
  6622 | D:6      | Reached *** piety under Trog
  7069 | D:7      | Noticed a troll
  7075 | D:7      | Reached XP level 9. HP: 72/75 MP: 8/8
  7079 | D:7      | Noticed a two-headed ogre
  7083 | D:7      | Killed a troll
  8030 | D:7      | Reached skill level 12 in Maces & Flails
  8178 | D:7      | Killed a two-headed ogre
  8384 | D:7      | Reached skill level 13 in Maces & Flails
  8503 | D:7      | Identified the Reference Book on Sinister Ice
  8623 | D:8      | Noticed Grum
  8627 | D:8      | Reached XP level 10. HP: 81/88 MP: 9/9
  8638 | D:8      | Killed Grum
  8805 | D:8      | Reached **** piety under Trog
  9273 | D:8      | Noticed Joseph
  9288 | D:8      | Killed Joseph
  9295 | D:8      | Noticed Maurice
  9296 | D:8      | Splashed by Maurice's acid

Vault maps used:
D:1:      lemuel_arrival_rhombus, nemelex_xobeh_ov_fountains_minmay
D:2:      first_ration, glass_columns_b, nicolae_tso_swordbearing_angel
D:4:      nzn_random_ring, uniq_grinder
D:6:      tgw_trog, minmay_temple_entry_grid, serial_shops,
          kennysheep_mini_moat, basic_altar, portal_sewer_entry_e
D:7:      minmay_the_grid_triangle_9x9_rhombus_thin, the_bakery
D:8:      uniq_joseph, uniq_maurice, uniq_grum

Skill      XL: |  1  2  3  4  5  6  7  8  9 10 |
---------------+-------------------------------+-----
Maces & Flails | 4 5 6 8 11 13 | 13.7
Fighting       | 4 5 6 8 |  8.6
Armour         | 3 4 5 7 8 |  8.1
Dodging        | 3 4 |  4.9

Action                   |  1- 3 |  4- 6 |  7- 9 | 10-12 || total
-------------------------+-------+-------+-------+-------++-------
Melee: Mace              |    42 |   103 |   101 |       ||   246
       Headbutt          |     7 |    20 |    38 |    11 ||    76
       Morningstar       |       |       |    96 |    62 ||   158
Throw: Tomahawk          |       |    23 |    54 |    23 ||   100
       Stone             |       |     9 |     1 |       ||    10
Invok: Berserk           |       |     3 |     3 |     1 ||     7
Evoke: Wand              |       |       |     1 |       ||     1
  Use: Scroll            |       |       |    15 |       ||    15
  Eat: Chunk             |     2 |     9 |    11 |     2 ||    24
       Ration            |       |       |     2 |       ||     2
Armor: Animal skin       |     4 |     7 |       |       ||    11
       Chain mail        |       |       |    80 |    15 ||    95
Dodge: Dodged            |    35 |    83 |    93 |    19 ||   230
Block: Other             |       |       |     8 |       ||     8

Table legend:
 A = Spawn XP
 B = Non-spawn XP
 C = Spawn XP percentage of total XP
 D = Spawn monster count
 E = Non-spawn monster count
 F = Spawn count percentage of total count
 G = Total turns spent on level
                    A         B        C        D         E        F      G
               +---------+---------+-------+---------+---------+-------+---------
         Total |       0 |    7314 |   0.0 |       0 |     173 |   0.0 |  9296
               +---------+---------+-------+---------+---------+-------+---------
           D:1 |       0 |      31 |   0.0 |       0 |      10 |   0.0 |  1238
           D:2 |       0 |      54 |   0.0 |       0 |      11 |   0.0 |   849
           D:3 |       0 |     112 |   0.0 |       0 |      16 |   0.0 |  1869
           D:4 |       0 |     826 |   0.0 |       0 |      26 |   0.0 |   815
           D:5 |       0 |     469 |   0.0 |       0 |      11 |   0.0 |   850
           D:6 |       0 |    1102 |   0.0 |       0 |      43 |   0.0 |  1375
           D:7 |       0 |    2782 |   0.0 |       0 |      31 |   0.0 |  1612
           D:8 |       0 |    1938 |   0.0 |       0 |      25 |   0.0 |   688
               +---------+---------+-------+---------+---------+-------+---------
